 Dungeon Crawl Stone Soup version 0.27.0-1-g7a089689b8 (webtiles) character file.

Game seed: 14879187987219231395

2 Spectrina the Ducker (level 1, 0/13 HPs)
             Began as a Deep Elf Monk on Aug 11, 2021.
             Slain by a giant cockroach (1 damage)
             ... on level 2 of the Dungeon.
             The game lasted 00:01:02 (134 turns).

Spectrina the Ducker (Deep Elf Monk)                 Turns: 134, Time: 00:01:03

Health: 0/13       AC:  2    Str:  8    XL:     1   Next: 25%
Magic:  3/3        EV: 13    Int: 14    God:
Gold:   6          SH:  0    Dex: 17    Spells: 1/1 levels left

rFire    . . .     SeeInvis .   a - +0 short sword
rCold    . . .     Faith    .   (no shield)
rNeg     . . .     Spirit   .   f - +0 robe
rPois    .         Reflect  .   (no helmet)
rElec    .         Harm     .   (no cloak)
rCorr    .         Rampage  .   (no gloves)
Will     .....                  (no boots)
Stlth    ++........             (no amulet)
HPRegen  0.04/turn              (no ring)
MPRegen  0.08/turn              (no ring)

@: no status effects
A: no striking features
a: no special abilities


You were on level 2 of the Dungeon.
You visited 1 branch of the dungeon, and saw 2 of its levels.

You collected 39 gold pieces.
You spent 33 gold pieces at shops.

Inventory:

Hand Weapons
 a - a +0 short sword (weapon)
 b - a +0 dagger
 d - a +2 hand axe of flaming
Missiles
 e - 26 stones (quivered)
Armour
 f - a +0 robe (worn)
Potions
 c - a potion of curing


   Skills:
 - Level 2.4 Fighting
 - Level 3.0 Short Blades
 - Level 3.6 Dodging
 + Level 2.5 Stealth
 + Level 0.5 Spellcasting


You had one spell level left.
You didn't know any spells.
Your spell library contained the following spells:

 Spells                   Type           Power      Damage    Failure   Level
 Dazzling Flash           Conj/Hex       0%         N/A       63%         3
 Agony                    Necr           0%         N/A       100%        5
 Silence                  Hex/Air        0%         N/A       100%        5


Dungeon Overview and Level Annotations

Branches:
Dungeon (2/15)

Altars:

Shops:
D:2 !


Message History

The kobold is severely wounded.
The kobold hits you with a +0 dagger.
* * * LOW HITPOINT WARNING * * *
You hit the kobold.
You kill the kobold!
e - 26 stones (gained 3)
Things that are here:
a +0 dagger; a kobold corpse
f - a +0 dagger Adjust (i)tems, (s)pells, or (a)bilities?
f - a +0 dagger Adjust to which letter? (? for menu, Esc to quit)
b - a +0 dagger;
f - a +0 robe (worn)
A kobold comes into view. It is wielding a +0 short sword.
The kobold shouts!
You open the door.
A giant cockroach comes into view.
There is an open door here.
Unknown command.
You close the door.
You closely miss the giant cockroach. The giant cockroach barely misses you.
You closely miss the giant cockroach. The giant cockroach misses you.
The giant cockroach bites you but does no damage.
You closely miss the giant cockroach. The giant cockroach misses you.
You hit the giant cockroach.
The giant cockroach is heavily wounded.
The giant cockroach closely misses you.
You barely miss the giant cockroach.
The giant cockroach is heavily wounded.
The giant cockroach closely misses you.
You barely miss the giant cockroach.
The giant cockroach is heavily wounded.
The giant cockroach barely misses you.
You barely miss the giant cockroach.
The giant cockroach is heavily wounded.
The giant cockroach closely misses you. The giant cockroach bites you.
* * * LOW HITPOINT WARNING * * *
The giant cockroach bites you.
You die...

#.. #.#
###########.###
#.............#
##'#####†....####
....#...........#
....#...........#
....#........K..###.#
....#....##+##.B@...#
....#....##.#######.#
....#.....#.#
....'...#.#.#
....#...#.#.#
..).#.....K.#
#####.<####.#
#####.#####.####
........∩.......


You could see a giant cockroach and a kobold.

Vanquished Creatures
  A bat (D:1)
  A kobold (D:2)
  A rat (D:2)
3 creatures vanquished.

Notes
Turn   | Place    | Note
-------+----------+-------------------------------------------
     0 | D:1      | Spectrina the Deep Elf Monk began the quest for the Orb.
     0 | D:1      | Reached XP level 1. HP: 13/13 MP: 3/3
    63 | D:2      | Found Hazexkuguo's Distillery.
    68 | D:2      | Bought a potion of curing for 33 gold pieces
   134 | D:2      | Slain by a giant cockroach

Illustrated notes

Levels and vault maps discovered:
D:1:      wander_arrival_fairy_ring, layout_basic
D:2:      layout_basic, serial_shops, shop_statue, shop, shop

Action                   || total
-------------------------++-------
Melee: Short sword       ||    17
 Stab: Sleeping          ||     2
Armor: Robe              ||     1
Dodge: Dodged            ||    11
